Workbook
Name \a: #REF!
Name \B: #REF!
Name \C: #REF!
Name \E: #REF!
Name \I: #REF!
Name \m: #REF!
Name \n: #REF!
Name \o: #REF!
Name \P: #REF!
Name \R: #REF!
Name \Y: #REF!
Name \Z: #REF!
Name \ф23: #REF!
Name _____P65600: #REF!
Name ___INDEX_SHEET___ASAP_Utilities: #REF!
Name ___P65600: #REF!
Name ___ref1: #REF!
Name ___ref2: #REF!
Name ___USD1: #REF!
Name ___USD2: #REF!
Name __ref1: #REF!
Name __ref2: #REF!
Name __sta2: #REF!-1.12
Name __USD1: #REF!
Name __USD2: #REF!
Name __Ве: #REF!
Name __Вероят: #REF!
Name __Вероятность_погашения: #REF!
Name __ИТОГ: #REF!
Name _1._Касса_и_краткосрочные_средства: #REF!
Name _10._Прочие_пассивы: #REF!
Name _10MAMAYO_M: #REF!
Name _11._Акционерный_капитал: #REF!
Name _11MANOVO_M: #REF!
Name _12._Нераспределенная_прибыль_и_резервы: #REF!
Name _12MAOCTO_M: #REF!
Name _13._Прибыли_и_убытки_отчетного_года__сальдо: #REF!
Name _13MASEPO_M: #REF!
Name _14MBAPRO_M: #REF!
Name _15MBAUGO_M: #REF!
Name _16MBDECO_M: #REF!
Name _17MBFEBO_M: #REF!
Name _18MBJANO_M: #REF!
Name _19MBJULO_M: #REF!
Name _1P: #REF!
Name _20MBJUNO_M: #REF!
Name _21MBMARO_M: #REF!
Name _22MBMAYO_M: #REF!
Name _23MBNOVO_M: #REF!
Name _24MBSEPO_M: #REF!
Name _25_1: #REF!
Name _25YAAPRO_M: #REF!
Name _26YAAUGO_M: #REF!
Name _27YADECO_M: #REF!
Name _28YAFEBO_M: #REF!
Name _29YAJANO_M: #REF!
Name _2MAAPRO_M: #REF!
Name _3._Кредиты_клиентам: #REF!
Name _30YAJULO_M: #REF!
Name _31YAJUNO_M: #REF!

Sheet Info
A1: Table N | B1: Content
A2: 20 | B2: Differences between accounting and regulatory scopes of consolidation
A3: 21 | B3: Consolidation by entities
A4: 22 | B4: Information about historical operational losses
A5: 23 | B5: Operational risks - basic indicator approach
A6: 24 | B6: Remuneration awarded during the reporting period
A7: 25 | B7: Special payments
A8: 26 | B8: Information about deferred and retained remuneration
A9: 27 | B9: Shares owned by senior management
B11: Banks shall disclose information required by this Annex in annual Pillar 3 reports according to the decree N92/04 of the Governor of the National Bank of Georgia on “Disclosure requirements for commercial banks within Pillar 3” .

Sheet 20. LI3
A1: Bank: | B1: JSC Terabank
A2: Date: | B2: 46022
A4: Table 20 | B4: Differences between accounting and regulatory scopes of consolidation
B5: a | C5: b | D5: c | E5: d
B6: Assets (as reported in published IFRS financial statements) | C6: Carrying Values as reported in published IFRS financial statements | D6: Carrying Values per IFRS under scope of regulatory consolidation (stand-alone) | E6: Notes
J7: Difference
B9: Cash and cash equivalents | C9: 139628000 | D9: 145143000 | E9: Guarantee deposits placed in banks are recognized as other assets in FS | J9: =D9-C9 -> 5515000
B10: Mandatory reserve deposit with the National Bank of Georgia | C10: 104212000 | D10: 104212000 | J10: =D10-C10 -> 0
B11: Loans to customers and finance lease receivables | C11: 1645420000 | D11: 1645420000 | J11: =D11-C11 -> 0
B12: Investment In Subsidiaries and Associates | C12: 5500000 | D12: 5500000 | J12: =D12-C12 -> 0
B13: Investment securities | C13: 186461000 | D13: 186461000 | J13: =D13-C13 -> 0
B14: Premises and equipment | C14: 66500000 | D14: 66500000 | J14: =D14-C14 -> 0
B15: Goodwill | C15: 20374000 | D15: =C15 -> 20374000 | J15: =D15-C15 -> 0
B16: Other intangible assets | C16: 16687000 | D16: =C16 -> 16687000 | J16: =D16-C16 -> 0
B17: Repossessed property | C17: 42471000 | D17: =C17 -> 42471000 | J17: =D17-C17 -> 0
B18: Tax Assets | C18: 424000 | D18: 424000 | J18: =D18-C18 -> 0
B19: Other assets | C19: 13431000 | D19: 7916000 | E19: Guarantee deposits placed in banks are recognized as other assets in FS | J19: =D19-C19 -> -5515000
B20: Total assets | C20: =SUM(C9:C19) -> 2241108000 | D20: =SUM(D9:D19) -> 2241108000 | E20: =SUM(E9:E19) -> 0 | J20: =D20-C20 -> 0
B21: a | C21: b | D21: c | E21: d
B22: Liabilities (as reported in published IFRS financial statements) | C22: Carrying Values as reported in published IFRS financial statements | D22: Carrying Values per IFRS under scope of regulatory consolidation (stand-alone) | E22: Notes
B25: Loans from financial institutions | C25: 335517000 | D25: =C25 -> 335517000 | J25: =D25-C25 -> 0
B26: Lease liabilities | C26: 6012000 | D26: =C26 -> 6012000
B27: Current accounts and deposits from credit institutions | C27: 22163000 | D27: 22163000 | J27: =D27-C27 -> 0
B28: Current accounts and deposits from customers | C28: 1429524000 | D28: 1429524000 | J28: =D28-C28 -> 0
B29: Deferred tax liability | C29: 4167000 | D29: 4167000 | J29: =D29-C29 -> 0
B30: Other liabilities | C30: 12828000 | D30: 12828000 | J30: =D30-C30 -> 0
B31: Subordinated loans | C31: 120368000 | D31: 120368000 | J31: =D31-C31 -> 0
B32: Total liabilities | C32: =SUM(C25:C31) -> 1930579000 | D32: =SUM(D25:D31) -> 1930579000 | E32: =SUM(E25:E31) -> 0 | J32: =D32-C32 -> 0
B33: a | C33: b | D33: c | E33: d
B34: Equity (as reported in published IFRS financial statements) | C34: Carrying Values as reported in published IFRS financial statements | D34: Carrying Values per IFRS under scope of regulatory consolidation (stand-alone) | E34: Notes
B37: Share capital | C37: 128022000 | D37: 128022000 | J37: =D37-C37 -> 0
B38: Retained earnings | C38: 182507000 | D38: =C38 -> 182507000 | J38: =D38-C38 -> 0
B39: Total equity | C39: =SUM(C37:C38) -> 310529000 | D39: =SUM(D37:D38) -> 310529000 | E39: =SUM(E37:E38) -> 0
C40: =C39+C32-C20 -> 0 | D40: =D39+D32-D20 -> 0

Sheet 21. LI4
A1: Bank: | B1: ='20. LI3'!B1 -> JSC Terabank
A2: Date: | B2: ='20. LI3'!B2 -> 46022
A4: Table 21 | B4: Consolidation by entities
B5: Name of Entity | C5: Method of Accounting consolidation | D5: Method of regulatory consolidation | H5: Description
D6: Full Consolidation | E6: Proportional Consolidation | F6: Neither consolidated nor deducted | G6: Deducted
A7: 1 | B7: XXX | C7: Full Consolidation | G7: x
A8: 2 | B8: XXX | C8: Proportional Consolidation | F8: x
A9: 3 | B9: XXX | C9: Not consolidated | G9: x

Sheet 22. OR1
A1: Bank: | B1: ='20. LI3'!B1 -> JSC Terabank
A2: Date: | B2: ='20. LI3'!B2 -> 46022
A4: Table 22 | B4: Information about historical operational losses
C5: 2023 | D5: =C5+1 -> 2024 | E5: =D5+1 -> 2025
A6: 1 | B6: Total amount of losses | C6: 49256.386 | D6: 59198.297 | E6: 316543.02
A7: 2 | B7: Total amount of losses, exceeding GEL 10,000 | C7: 24876 | D7: 39573.8 | E7: 296229.17
A8: 3 | B8: Number of events with losses exceeding GEL 10,000 | C8: 1 | D8: 1 | E8: 2
A9: 4 | B9: Total amount of 5 biggest losses | C9: 42007.6 | D9: 51770.6 | E9: 305671.86

Sheet 23. OR2
A1: Bank: | B1: ='20. LI3'!B1 -> JSC Terabank
A2: Date: | B2: ='20. LI3'!B2 -> 46022
A4: Table 23 | B4: Operational risks - basic indicator approach
C5: a | D5: b | E5: c | F5: d | G5: e
C6: T | D6: T-1 | E6: T-2 | F6: Average of sums of net interest and net non-interest income during last three years | G6: Risk Weighted asset (RWA)
A7: 1 | B7: Net interest income | C7: 84293913 | D7: 76617947 | E7: 69259423
A8: 2 | B8: Total Non-Interest Income | C8: 10940023 | D8: 14296873 | E8: 14877252
A9: 3 | B9: less: income (loss) from selling property | C9: 581712 | D9: 478847.81 | E9: 3651953.4
A10: 4 | B10: Total income (1+2-3) | C10: =C7+C8-C9 -> 94652224 | D10: =D7+D8-D9 -> 90435972 | E10: =E7+E8-E9 -> 80484722 | F10: =SUMIF(C10:E10, ">=0",C10:E10)/3 -> 88524306 | G10: =F10*15%/8% -> 1.6598307e+08

Sheet 24. Rem1
A1: Bank: | B1: JSC Terabank
A2: Date: | B2: ='20. LI3'!B2 -> 46022
A4: Table 24 | B4: Remuneration awarded during the reporting period
D5: Board of Directors | E5: Supervisory Board | F5: Other material risk takers
A6: 1 | B6: Fixed remuneration | C6: Number of employees | D6: 5 | E6: 4 | F6: 16
A7: 2 | C7: Total fixed remuneration (3+5+7) | D7: =D8+D10+D12 -> 1520092.8 | E7: =E8+E10+E12 -> 258615.72 | F7: =F8+F10+F12 -> 1732936.8
A8: 3 | C8: Of which cash-based | D8: 1461120 | E8: 250000 | F8: 1702114
A9: 4 | C9: Of which: deferred
A10: 5 | C10: Of which: shares or other share-linked instruments
A11: 6 | C11: Of which deferred
A12: 7 | C12: Of which other forms | D12: 58972.76 | E12: 8615.72 | F12: 30822.84
A13: 8 | C13: Of which deferred
A14: 9 | B14: Variable remuneration | C14: Number of employees | D14: 5 | F14: 14
A15: 10 | C15: Total variable remuneration (11+13+15) | D15: =D16+D18+D20 -> 1948160 | E15: =E16+E18+E20 -> 0 | F15: =F16+F18+F20 -> 872617.15
A16: 11 | C16: Of which cash-based | D16: =1461120+487040 -> 1948160 | E16: 0 | F16: =474943.65+F17 -> 872617.15
A17: 12 | C17: Of which: deferred | D17: =1461120+487040 -> 1948160 | E17: 0 | F17: 397673.5
A18: 13 | C18: Of which shares or other share-linked instruments
A19: 14 | C19: Of which deferred
A20: 15 | C20: Of which other forms
A21: 16 | C21: Of which deferred
A22: 17 | B22: Total remuneration | D22: =D7+D15 -> 3468252.8 | E22: =E7+E15 -> 258615.72 | F22: =F7+F15 -> 2605554

Sheet 25. Rem 2 
A1: Bank: | B1: JSC Terabank
A2: Date: | B2: 46022
A4: Table 25 | B4: Special payments
C5: Board of Directors | D5: Supervisory Board | E5: Other material risk takers
A6: Guaranteed bonuses | B6: Number of employees
B7: Total amount
A8: Sign-on awards | B8: Number of employees
B9: Total amount: | C9: =C10+C11+C12+C13 -> 0 | D9: =D10+D11+D12+D13 -> 0 | E9: =E10+E11+E12+E13 -> 0
B10: Of which cash-based
B11: Of which shares
B12: Of which share-linked instruments
B13: Of which other instruments
A14: Severance payments | B14: Number of employees
B15: Total amount: | C15: =C16+C17+C18+C19 -> 0 | D15: =D16+D17+D18+D19 -> 0 | E15: =E16+E17+E18+E19 -> 0
B16: Of which cash-based
B17: Of which shares
B18: Of which share-linked instruments
B19: Of which other instruments

Sheet 26. Rem 3
A1: Bank: | B1: JSC Terabank
A2: Date: | B2: 46022
A4: Table 26 | B4: Information about deferred and retained remuneration
C5: a | D5: b | E5: c | F5: d | G5: e
C6: Total amount of outstanding deferred remuneration | D6: Of which Total amount of outstanding deferred and retained remuneration exposed to ex post explicit and/or implicit adjustment | E6: Total amount of reduction during the year due to ex post explicit adjustments | F6: Total amount of reduction during the year due to ex post implicit adjustments | G6: Total amount of deferred remuneration paid out in the financial year
A7: 1 | B7: Board of Directors | C7: =SUM(C8:C11) -> 4751166.2 | D7: =SUM(D8:D11) -> 0 | E7: =SUM(E8:E11) -> 0 | F7: =SUM(F8:F11) -> 0 | G7: =SUM(G8:G11) -> 618179.97
A8: 2 | B8: Cash | C8: =2803006.15+'24. Rem1'!D17 -> 4751166.2 | G8: =148800+334179.97+135200 -> 618179.97
A9: 3 | B9: Shares
A10: 4 | B10: Share-linked instruments
A11: 5 | B11: Other
A12: 6 | B12: Supervisory Board | C12: =SUM(C13:C16) -> 0 | D12: =SUM(D13:D16) -> 0 | E12: =SUM(E13:E16) -> 0 | F12: =SUM(F13:F16) -> 0 | G12: =SUM(G13:G16) -> 0
A13: 7 | B13: Cash
A14: 8 | B14: Shares
A15: 9 | B15: Share-linked instruments
A16: 10 | B16: Other
A17: 11 | B17: Other material risk takers | C17: =SUM(C18:C21) -> 1117554.5 | D17: =SUM(D18:D21) -> 0 | E17: =SUM(E18:E21) -> 0 | F17: =SUM(F18:F21) -> 0 | G17: =SUM(G18:G21) -> 321198.92
A18: 12 | B18: Cash | C18: =719881.03+'24. Rem1'!F17 -> 1117554.5 | G18: 321198.92
A19: 13 | B19: Shares
A20: 14 | B20: Share-linked instruments
A21: 15 | B21: Other
A22: 16 | B22: Total | C22: =C12+C17+C7 -> 5868720.7 | D22: =D12+D17+D7 -> 0 | E22: =E12+E17+E7 -> 0 | F22: =F12+F17+F7 -> 0 | G22: =G12+G17+G7 -> 939378.89

Sheet 27. REM 4
A1: Bank: | B1: JSC Terabank
A2: Date: | B2: 46022
A4: Table 27 | B4: Shares owned by senior management
C5: a | D5: b | E5: c | F5: d | G5: e | H5: f | I5: g | J5: h | K5: I | L5: j | M5: k | N5: l | O5: m
C6: Amount of shares at the beginning of the reporting period | F6: Changes during the reporting period | M6: Amount of shares at the end of the reporting period
C7: Unvested | D7: Vested | E7: Total (a+b) | F7: Awarded during the period | H7: Vesting | I7: Reduction during the period | K7: Other Changes | M7: Unvested (a+d-f-g) | N7: Vested (b+e+f-h+i-j) | O7: Total(k+l)
F8: Of which: Unvested | G8: Of which: Vested | I8: Unvested | J8: Vested | K8: Purchase | L8: Sell
B9: Senior management
A10: 1 | B10: Total amount: | C10: =SUM(C11:C17) -> 0 | D10: =SUM(D11:D17) -> 0 | E10: =SUM(E11:E17) -> 0 | F10: =SUM(F11:F17) -> 0 | G10: =SUM(G11:G17) -> 0 | H10: =SUM(H11:H17) -> 0 | I10: =SUM(I11:I17) -> 0 | J10: =SUM(J11:J17) -> 0 | ... O10: =SUM(O11:O17) -> 0
A11: 1.1 | E11: =C11+D11 -> 0 | M11: =C11+F11-H11-I11 -> 0 | N11: =D11+G11+H11-J11+K11-L11 -> 0 | O11: =M11+N11 -> 0
A12: 1.2 | E12: =C12+D12 -> 0 | M12: =C12+F12-H12-I12 -> 0 | N12: =D12+G12+H12-J12+K12-L12 -> 0 | O12: =M12+N12 -> 0
A13: 1.3 | E13: =C13+D13 -> 0 | M13: =C13+F13-H13-I13 -> 0 | N13: =D13+G13+H13-J13+K13-L13 -> 0 | O13: =M13+N13 -> 0
A14: 1.4 | E14: =C14+D14 -> 0 | M14: =C14+F14-H14-I14 -> 0 | N14: =D14+G14+H14-J14+K14-L14 -> 0 | O14: =M14+N14 -> 0
A15: 1.5 | E15: =C15+D15 -> 0 | M15: =C15+F15-H15-I15 -> 0 | N15: =D15+G15+H15-J15+K15-L15 -> 0 | O15: =M15+N15 -> 0
A16: 1.6 | E16: =C16+D16 -> 0 | M16: =C16+F16-H16-I16 -> 0 | N16: =D16+G16+H16-J16+K16-L16 -> 0 | O16: =M16+N16 -> 0
A17: ..... | E17: =C17+D17 -> 0 | M17: =C17+F17-H17-I17 -> 0 | N17: =D17+G17+H17-J17+K17-L17 -> 0 | O17: =M17+N17 -> 0
B18: Other material risk takers
A19: 2 | B19: Total amount: | M19: =C19+F19-H19-I19 -> 0 | N19: =D19+G19+H19-J19+K19-L19 -> 0 | O19: =M19+N19 -> 0
